 Dungeon Crawl Stone Soup version 0.29-a0-303-ge4682ce883 (webtiles) character file.

Game seed: 11190734547621005704

38 Inarius the Ducker (level 3, -2/17 HPs)
             Began as a Felid Chaos Knight on Mar 25, 2022.
             Was a Plaything of Xom.
             Slain by a hobgoblin
             ... wielding a +0 hand axe
              (8 damage)
             ... on level 2 of the Dungeon.
             The game lasted 00:02:18 (2072 turns).

Inarius the Ducker (Felid Chaos Knight)             Turns: 2072, Time: 00:02:18

Health: -2/17      AC:  1    Str:  8    XL:     3   Next: 25%
Magic:  4/4        EV: 18    Int: 13    God:    Xom [..*...]
Gold:   29         SH:  5    Dex: 17    Spells: 2/2 levels left
                                        Lives:  0   Deaths: 0

rFire   . . .      SeeInvis +     - Unarmed
rCold   . . .      Faith    .   (shield unavailable)
rNeg    . . .      Spirit   .   (body armour unavailable)
rPois   .          Reflect  +   (helmet unavailable)
rElec   .          Harm     .   (cloak unavailable)
rCorr   .          Rampage  .   (gloves unavailable)
Will    .....                   (boots unavailable)
Stlth   ++........              c - amulet of reflection
HPRegen 0.05/turn               (no ring)
MPRegen 0.09/turn               (no ring)

@: quick
A: very small, claws 1, fangs 3, see invisible, speed 1, shaggy fur 1, stealthy
paws, no weapons or thrown items, no armour, multi-lived
a: Renounce Religion


You were on level 2 of the Dungeon.
You worshipped Xom.
You were a toy of Xom.
You visited 1 branch of the dungeon, and saw 2 of its levels.

You collected 29 gold pieces.

Inventory:

Jewellery
 c - an amulet of reflection (around neck)
Scrolls
 d - 2 scrolls of identify {unknown}
 e - a scroll of teleportation {unknown}
Potions
 b - a potion of curing {unknown}
Miscellaneous
 a - a piece from Xom's chessboard (12/15) (quivered)


   Skills:
 + Level 3.3 Fighting
 + Level 3.5 Dodging
 * Level 1.5 Stealth
 + Level 3.4 Unarmed Combat
 * Level 1.1 Evocations


You had 2 spell levels left.
You didn't know any spells.
Your spell library was empty.

Dungeon Overview and Level Annotations

Branches:
Dungeon (2/15)

Altars:


Innate Abilities, Weirdness & Mutations

You have sharp claws.
You have razor-sharp teeth.
You have supernaturally acute eyesight. (SInv)
You cover ground quickly. (Speed+)
You are covered in fur. (AC +1)
Your paws help you pounce on unaware monsters.
You are incapable of wielding weapons or throwing items.
You cannot wear armour.
You gain extra lives every three experience levels.


Message History

You start resting.
HP restored.
You climb downwards.
There is a stone staircase leading up here.
You closely miss the hobgoblin. You block the hobgoblin's attack.
You scratch the hobgoblin.
You bite the hobgoblin, but do no damage.
The hobgoblin is moderately wounded.
The hobgoblin closely misses you.
You scratch the hobgoblin but do no damage.
You bite the hobgoblin.
The hobgoblin is heavily wounded.
The hobgoblin misses you.
You barely miss the hobgoblin.
The hobgoblin is heavily wounded.
The hobgoblin hits you with a +0 hand axe.
You scratch the hobgoblin.
The hobgoblin is severely wounded.
You block the hobgoblin's attack.
You barely miss the hobgoblin.
The hobgoblin is heavily wounded.
You barely miss the hobgoblin.
The hobgoblin is heavily wounded.
The hobgoblin closely misses you.
You closely miss the hobgoblin.
The hobgoblin is heavily wounded.
You block the hobgoblin's attack.
You closely miss the hobgoblin.
The hobgoblin is heavily wounded.
The hobgoblin misses you.
You closely miss the hobgoblin.
The hobgoblin is heavily wounded.
The hobgoblin closely misses you.
You scratch the hobgoblin. Your bite misses the hobgoblin.
The hobgoblin is severely wounded.
The hobgoblin hits you with a +0 hand axe.
You closely miss the hobgoblin.
The hobgoblin is severely wounded.
The hobgoblin hits you with a +0 hand axe!
You die...

#.# #.# #.#####.# #....##.#
####.##.# #K##.#######
#..........# ####.#####.#
#.....###.# #######
#.###.....Kg@.#########......
#.....###.###................
#####.###.# #<#########.####.
#.....# #.# #.# #. #.#####
#.# #.# #. #.# #.# #.# ##.
#.# #.# #.# #.. #.#######.#
#.# ##. #.>.......# #.# ##


You could see a hobgoblin and a kobold.

Vanquished Creatures
  2 adders (D:2)
  A bat (D:1)
  3 endoplasms
  A giant cockroach (D:1)
  3 goblins (D:1)
  2 hobgoblins
  A quokka (D:1)
  A kobold (D:1)
  6 rats (D:1)
20 creatures vanquished.

Notes
Turn   | Place    | Note
-------+----------+-------------------------------------------
     0 | D:1      | Inarius the Felid Chaos Knight began the quest for the Orb.
     0 | D:1      | Reached XP level 1. HP: 10/10 MP: 2/2
   528 | D:1      | Reached XP level 2. HP: 14/14 MP: 3/3
   545 | D:1      | Reached skill level 1 in Stealth
  1159 | D:2      | Reached skill level 1 in Evocations
  1402 | D:2      | Reached XP level 3. HP: 5/17 MP: 4/4
  1495 | D:1      | XOM is BORED!
  1678 | D:2      | XOM: noise
  1841 | D:1      | XOM: noise
  2072 | D:2      | Slain by a hobgoblin

Illustrated notes

Levels and vault maps discovered:
D:1:      dpeg_arrival_round_b, layout_basic, grunt_decor_one_mirror
D:2:      layout_loops_ring, chequers_ecumenical_altar_simple

Skill      XL: |  1  2 |
---------------+-------+-----
Stealth        | 1 |  1.5
Evocations     | 1 |  1.1
Fighting       | |  3.3
Dodging        | |  3.5
Unarmed Combat | |  3.4

Action                   || total
-------------------------++-------
Melee: Unarmed           ||    72
       Bite              ||    11
       Punch             ||     1
Evoke: Piece from Xom's  ||     5
 Stab: Sleeping          ||     1
Armor: Skin              ||     2
Dodge: Dodged            ||    34
Block: Other             ||     8

Table legend: (Time is in decaauts)
 A = Elapsed time spent in this place.
 B = Non-inter-level travel time spent in this place.
 C = Inter-level travel time spent in this place.
 D = Time resting spent in this place.
 E = Time spent auto-exploring this place.
 F = Levels seen in this place.
 G = Mean time per level.
                   A        B        C        D        E       F      G
               +--------+--------+--------+--------+--------+-----+--------+
         Total |   1875 |   1842 |     33 |    885 |    740 |   2 |  937.5 |
       Dungeon |   1875 |   1842 |     33 |    885 |    740 |   2 |  937.5 |
               +--------+--------+--------+--------+--------+-----+--------+

Top non-repeatable levels by time:
     D:1: 1472 daAuts
     D:2: 403 daAuts
